[Event "GER-ch Youth U10 2020"]
[Site "Willingen"]
[Date "2020.10.28"]
[Round "2.15"]
[White "Noennig, Jakob"]
[Black "Meng, Yuxuan"]
[Result "1-0"]
[ECO "B40"]
[WhiteElo "1442"]
[BlackElo "1515"]
[Annotator "NA RC"]
[PlyCount "79"]
[EventDate "2020.10.27"]
[EventType "swiss"]
[EventRounds "7"]
[EventCountry "GER"]
[SourceTitle "playchess.com"]
[Source "ChessBase"]
[SourceQuality "1"]
[TimeControl "40/4500+30:900+30"]

1. e4 c5 2. Nf3 e6 3. d4 cxd4 4. Nxd4 Nf6 5. Nc3 Nc6 6. Ndb5 Bc5 7. Bg5 Qb6 8. Qd2 Ng4 9. Na4 Bxf2+ 10. Kd1 Be3 11. Nxb6 Bxd2 12. Kxd2 axb6 13. Nc7+ Kf8 14. Nxa8 Nf2 15. Nxb6 Na7 16. Bd3 Nxh1 17. Rxh1 f6 18. Be3 Ke7 19. Nxd7 Bxd7 20. Bxa7 Ra8 21. Bc5+ Kf7 22. a3 Rc8 23. Bb4 Bc6 24. Re1 Kg6 25. g3 e5 26. Rf1 Rd8 27. Ke3 Bd7 28. Bd2 Be6 29. a4 Ra8 30. a5 Kf7 31. b4 Ke7 32. c4 Kd7 33. b5 Kc7 34. c5 Bd7 35. Rc1 Be8 36. Rb1 h6 37. Bb4 Bd7 38. Bc4 Be8 39. Rd1 Bd7 40. Rd6 1-0

[Event "GER-ch Youth U10 2020"]
[Site "Willingen"]
[Date "2020.10.28"]
[Round "2.16"]
[White "Rodriguez Klasen, Ennio"]
[Black "Hellenbroich, Hanno"]
[Result "1-0"]
[ECO "B21"]
[WhiteElo "1297"]
[BlackElo "1291"]
[Annotator "NA RC"]
[PlyCount "95"]
[EventDate "2020.10.27"]
[EventType "swiss"]
[EventRounds "7"]
[EventCountry "GER"]
[SourceTitle "playchess.com"]
[Source "ChessBase"]
[SourceQuality "1"]
[TimeControl "40/4500+30:900+30"]

1. e4 c5 2. f4 d6 3. Nf3 Nc6 4. c3 g6 5. d4 Bg7 6. Be3 Nf6 7. d5 Nb8 8. Bd3 O-O 9. O-O Qb6 10. b4 Ng4 11. Qe2 Nxe3 12. Qxe3 cxb4 13. Qxb6 axb6 14. e5 dxe5 15. fxe5 Rd8 16. c4 e6 17. Rd1 b3 18. Nc3 bxa2 19. Rxa2 Rxa2 20. Nxa2 Na6 21. d6 Bd7 22. Nc3 Nc5 23. Ne4 Nxd3 24. Rxd3 Bc6 25. Rd4 Bh6 26. Nf6+ Kh8 27. Kf2 Bg7 28. Ng5 Bxf6 29. Nxf7+ Kg7 30. Nxd8 Bxd8 31. g3 b5 32. Ke1 Ba5+ 33. Kd1 Bc3 34. d7 Bxd7 35. Rxd7+ Kh6 36. cxb5 Bxe5 37. Rxb7 Bd4 38. b6 Bg1 39. h3 Bh2 40. g4 Bg1 41. h4 g5 42. h5 e5 43. Re7 Bd4 44. b7 Ba7 45. Re8 Kg7 46. b8=Q Bxb8 47. Rxb8 Kf6 48. Rb6+ 1-0

[Event "GER-ch Youth U10 2020"]
[Site "Willingen"]
[Date "2020.10.28"]
[Round "2.17"]
[White "Bock, Leonas"]
[Black "Malinowsky, Levi"]
[Result "0-1"]
[ECO "C00"]
[WhiteElo "1301"]
[BlackElo "1606"]
[Annotator "NA RC"]
[PlyCount "110"]
[EventDate "2020.10.27"]
[EventType "swiss"]
[EventRounds "7"]
[EventCountry "GER"]
[SourceTitle "playchess.com"]
[Source "ChessBase"]
[SourceQuality "1"]
[TimeControl "40/4500+30:900+30"]

1. e4 e6 2. Nf3 d5 3. exd5 exd5 4. d4 Bd6 5. Nc3 c6 6. Bd3 Nf6 7. Be3 Bg4 8. h3 Bh5 9. Be2 Nbd7 10. Bg5 h6 11. Bh4 Bxf3 12. Bxf3 Qc7 13. Qe2+ Kf8 14. Qd2 Re8+ 15. Kf1 g5 16. Bxg5 hxg5 17. Qxg5 Bf4 18. Qf5 Bh6 19. Re1 Rxe1+ 20. Kxe1 Kg7 21. g4 Re8+ 22. Kd1 Qf4 23. Qxf4 Bxf4 24. h4 Ne4 25. Nxe4 dxe4 26. Be2 e3 27. f3 Nb6 28. c3 Bg3 29. g5 Rh8 30. h5 Bf4 31. h6+ Kg6 32. Bd3+ Kxg5 33. h7 Nd5 34. Rg1+ Kh6 35. Rg8 Rxh7 36. Bxh7 Kxh7 37. Re8 Kg6 38. Rg8+ Kf6 39. Rg2 Ke6 40. a3 Nb6 41. b3 a5 42. Kc2 a4 43. c4 axb3+ 44. Kxb3 Nc8 45. Kc3 Nd6 46. Kd3 f5 47. a4 Nf7 48. Rg6+ Ke7 49. a5 c5 50. a6 bxa6 51. Rxa6 cxd4 52. Ra7+ Kf6 53. Ra6+ Kg5 54. Kxd4 e2 55. Re6 Be5+ 0-1

[Event "GER-ch Youth U10 2020"]
[Site "Willingen"]
[Date "2020.10.28"]
[Round "2.18"]
[White "Middendorf, Sven-Jonas"]
[Black "Deiringer, Julius"]
[Result "1-0"]
[ECO "C96"]
[WhiteElo "1355"]
[BlackElo "1332"]
[Annotator "NA RC"]
[PlyCount "47"]
[EventDate "2020.10.27"]
[EventType "swiss"]
[EventRounds "7"]
[EventCountry "GER"]
[SourceTitle "playchess.com"]
[Source "ChessBase"]
[SourceQuality "1"]
[TimeControl "40/4500+30:900+30"]

1. e4 e5 2. Nf3 Nc6 3. Bb5 a6 4. Ba4 Nf6 5. O-O Be7 6. Re1 b5 7. Bb3 O-O 8. c3 d6 9. h3 Na5 10. Bc2 Nb7 11. d4 Nd7 12. a4 c6 13. axb5 cxb5 14. Nbd2 Bf6 15. Nf1 Qe7 16. Ne3 Nb6 17. Bb3 Be6 18. Bxe6 Qxe6 19. Nf5 a5 20. Bg5 Nd7 21. d5 Qe8 22. Qd2 Nbc5 23. Qe3 Bd8 24. Nxd6 1-0

[Event "GER-ch Youth U10 2020"]
[Site "Willingen"]
[Date "2020.10.28"]
[Round "2.19"]
[White "Kamleiter, Noah"]
[Black "Aweh, Mads"]
[Result "0-1"]
[ECO "B47"]
[WhiteElo "1573"]
[BlackElo "1328"]
[Annotator "NA RC"]
[PlyCount "64"]
[EventDate "2020.10.27"]
[EventType "swiss"]
[EventRounds "7"]
[EventCountry "GER"]
[SourceTitle "playchess.com"]
[Source "ChessBase"]
[SourceQuality "1"]
[TimeControl "40/4500+30:900+30"]

1. e4 c5 2. Nf3 e6 3. d4 cxd4 4. Nxd4 Nc6 5. Nc3 Qc7 6. Ndb5 Qb8 7. Bc4 a6 8. Nd4 Nf6 9. O-O Be7 10. Re1 O-O 11. Nxc6 bxc6 12. e5 Ne8 13. Qg4 g6 14. Bh6 Ng7 15. Bb3 Rd8 16. Bg5 Bxg5 17. Qxg5 Bb7 18. Ne4 Nf5 19. Nf6+ Kg7 20. Rad1 h6 21. Qg4 d5 22. h4 Qc7 23. h5 g5 24. Kh1 Qb6 25. Rd2 c5 26. Bxd5 Bxd5 27. Nxd5 Qxb2 28. f4 Qxa2 29. fxg5 Rxd5 30. gxh6+ Kh7 31. Rxd5 Qxd5 32. Rd1 Qxe5 0-1

[Event "GER-ch Youth U10 2020"]
[Site "Willingen"]
[Date "2020.10.28"]
[Round "2.20"]
[White "Peglau, Paul David"]
[Black "Herrmann, Arthur"]
[Result "1-0"]
[ECO "E40"]
[WhiteElo "1322"]
[BlackElo "1151"]
[Annotator "NA RC"]
[PlyCount "107"]
[EventDate "2020.10.27"]
[EventType "swiss"]
[EventRounds "7"]
[EventCountry "GER"]
[SourceTitle "playchess.com"]
[Source "ChessBase"]
[SourceQuality "1"]
[TimeControl "40/4500+30:900+30"]

1. d4 Nf6 2. c4 e6 3. Nc3 Bb4 4. e3 d5 5. Bd3 dxc4 6. Bxc4 O-O 7. Nge2 b6 8. O-O Bb7 9. Bd2 c5 10. a3 Bxc3 11. Bxc3 Qe7 12. Rc1 Rd8 13. Qc2 Nbd7 14. Rfd1 Rac8 15. b4 h6 16. h3 Ne4 17. Be1 Nd6 18. dxc5 bxc5 19. b5 Qg5 20. Nf4 Nf6 21. g3 Nd5 22. Qb3 Nxc4 23. Qxc4 h5 24. Nxd5 exd5 25. Qf4 Qxf4 26. gxf4 f6 27. Kf1 Kf7 28. Ke2 Ke6 29. Rc2 Rd7 30. Rdc1 Kd6 31. a4 Re7 32. Rxc5 Rec7 33. Rxc7 Rxc7 34. Bb4+ Kd7 35. Rxc7+ Kxc7 36. Kd3 Kd7 37. Bc5 g5 38. fxg5 fxg5 39. Bxa7 d4 40. e4 Kc7 41. Bxd4 Bc8 42. Bf6 g4 43. hxg4 Bxg4 44. f4 Bc8 45. e5 Be6 46. a5 Bd7 47. Kc4 Bg4 48. Kc5 Be6 49. a6 h4 50. Bxh4 Bc8 51. b6+ Kb8 52. b7 Bf5 53. Kb6 Bc8 54. a7# 1-0

[Event "GER-ch Youth U10 2020"]
[Site "Willingen"]
[Date "2020.10.28"]
[Round "2.21"]
[White "Wolff, Calvin"]
[Black "Theviot, Luca"]
[Result "1-0"]
[ECO "B00"]
[WhiteElo "1219"]
[BlackElo "1423"]
[Annotator "NA RC"]
[PlyCount "81"]
[EventDate "2020.10.27"]
[EventType "swiss"]
[EventRounds "7"]
[EventCountry "GER"]
[SourceTitle "playchess.com"]
[Source "ChessBase"]
[SourceQuality "1"]
[TimeControl "40/4500+30:900+30"]

1. e4 d6 2. Nf3 Nf6 3. Nc3 e5 4. Bc4 Be7 5. d3 O-O 6. Bd2 Nbd7 7. a3 c6 8. Ba2 Qc7 9. Nh4 Nxe4 10. Nf5 Nxc3 11. Nxe7+ Kh8 12. Bxc3 Nf6 13. Nxc8 Qxc8 14. Qd2 d5 15. b4 Qg4 16. O-O Rfe8 17. Qd1 Qg5 18. Bd2 Qh4 19. Qf3 Re6 20. Qg3 Qh5 21. Qg5 Qxg5 22. Bxg5 h6 23. Bxf6 Rxf6 24. c4 d4 25. c5 a5 26. Bc4 Ra7 27. f3 Kh7 28. Kf2 Kg6 29. g3 axb4 30. axb4 Rxa1 31. Rxa1 Kh7 32. Ra7 Kg6 33. Rxb7 Kh7 34. b5 cxb5 35. Bxb5 e4 36. dxe4 d3 37. Bxd3 Rc6 38. Rb5 Ra6 39. Ke3 Ra3 40. Rb4 Rc3 41. Rc4 1-0

[Event "GER-ch Youth U10 2020"]
[Site "Willingen"]
[Date "2020.10.28"]
[Round "2.22"]
[White "Mohammadzadeh, Daris"]
[Black "Huang, Luca Hanson"]
[Result "1/2-1/2"]
[ECO "B43"]
[WhiteElo "1311"]
[BlackElo "1570"]
[Annotator "NA RC"]
[PlyCount "119"]
[EventDate "2020.10.27"]
[EventType "swiss"]
[EventRounds "7"]
[EventCountry "GER"]
[SourceTitle "playchess.com"]
[Source "ChessBase"]
[SourceQuality "1"]
[TimeControl "40/4500+30:900+30"]

1. e4 c5 2. Nf3 e6 3. d4 cxd4 4. Nxd4 a6 5. Nc3 Qc7 6. Bd3 Nf6 7. Bg5 Be7 8. O-O O-O 9. Nb3 Nc6 10. f4 e5 11. Nd5 Nxd5 12. exd5 Bxg5 13. fxg5 Nb4 14. Be4 d6 15. c3 Qc4 16. Nd2 Qc5+ 17. Rf2 Nxd5 18. Nb3 Ne3 19. Nxc5 Nxd1 20. Rxd1 dxc5 21. Rd5 Rb8 22. Rxc5 Be6 23. a3 g6 24. Rxe5 b6 25. Bd5 Rbd8 26. Bxe6 Rd1+ 27. Rf1 Rxf1+ 28. Kxf1 fxe6+ 29. Kg1 Kf7 30. b4 Rd8 31. Re3 Rd1+ 32. Kf2 Rc1 33. Kg3 b5 34. Kf4 Rc2 35. Kf3 Ra2 36. h4 Rxa3 37. Ke4 Ke7 38. Kd4 Kd6 39. g4 Ra4 40. Re5 Ra1 41. Re3 Rd1+ 42. Ke4 Rd5 43. Rd3 Rxd3 44. Kxd3 Kd5 45. h5 e5 46. Ke3 e4 47. Kf4 Kc4 48. Kxe4 Kxc3 49. hxg6 hxg6 50. Ke5 Kxb4 51. Kf6 Kc5 52. Kxg6 b4 53. Kf7 b3 54. g6 b2 55. g7 b1=Q 56. g8=Q Qb3+ 57. Kg7 Qxg8+ 58. Kxg8 a5 59. g5 a4 60. g6 1/2-1/2

[Event "GER-ch Youth U10 2020"]
[Site "Willingen"]
[Date "2020.10.28"]
[Round "2.23"]
[White "Conrad, Marius"]
[Black "Ahlers, Quentin"]
[Result "0-1"]
[ECO "C55"]
[WhiteElo "1645"]
[BlackElo "1425"]
[Annotator "NA RC"]
[PlyCount "100"]
[EventDate "2020.10.27"]
[EventType "swiss"]
[EventRounds "7"]
[EventCountry "GER"]
[SourceTitle "playchess.com"]
[Source "ChessBase"]
[SourceQuality "1"]
[TimeControl "40/4500+30:900+30"]

1. e4 e5 2. Nf3 Nc6 3. Bc4 Nf6 4. d3 h6 5. c3 Bc5 6. a4 a5 7. Na3 O-O 8. d4 exd4 9. cxd4 Bb4+ 10. Bd2 Bxd2+ 11. Qxd2 Nxe4 12. Qd1 d5 13. Bd3 Re8 14. O-O Bg4 15. Nc2 Qf6 16. Be2 Bxf3 17. Bxf3 Rad8 18. Ra3 Ng5 19. Bg4 Re4 20. Rd3 Rde8 21. Bd7 Rd8 22. Bxc6 Qxc6 23. Ne3 Ne6 24. Nf5 Qb6 25. Re1 Rxe1+ 26. Qxe1 Qxb2 27. h3 Qc2 28. Rf3 Qxa4 29. Qb1 Nxd4 30. Nxd4 Qxd4 31. Qxb7 Qb6 32. Qxb6 cxb6 33. Rb3 d4 34. Kf1 d3 35. Ke1 d2+ 36. Kd1 Rd6 37. Rb5 Kf8 38. Re5 Re6 39. Rd5 Ke7 40. Rb5 Rd6 41. Re5+ Kd7 42. Rf5 f6 43. Rf3 Rd5 44. Rb3 b5 45. f3 b4 46. Re3 Rd4 47. Rb3 a4 48. Rb1 b3 49. h4 Rd3 50. Ra1 b2 0-1

[Event "GER-ch Youth U10 2020"]
[Site "Willingen"]
[Date "2020.10.28"]
[Round "2.24"]
[White "Allen, Phillipp"]
[Black "Rosenkranz, Lennard"]
[Result "0-1"]
[ECO "B85"]
[WhiteElo "1250"]
[BlackElo "1467"]
[Annotator "NA RC"]
[PlyCount "116"]
[EventDate "2020.10.27"]
[EventType "swiss"]
[EventRounds "7"]
[EventCountry "GER"]
[SourceTitle "playchess.com"]
[Source "ChessBase"]
[SourceQuality "1"]
[TimeControl "40/4500+30:900+30"]

1. e4 c5 2. Nf3 d6 3. d4 cxd4 4. Nxd4 a6 5. Nc3 Nf6 6. Be2 e6 7. O-O Qc7 8. Be3 b5 9. a3 Bb7 10. Bf3 Nbd7 11. g3 Nb6 12. Re1 Nfd7 13. Bg2 Be7 14. f4 Nc4 15. Bc1 Rc8 16. Qh5 Nf6 17. Qe2 Qc5 18. Be3 Nxe3 19. Qxe3 Bd8 20. Nb3 Qxe3+ 21. Rxe3 Bb6 22. Kf2 Ng4+ 23. Ke2 Nxe3 24. Bf3 O-O 25. Kd2 Nc4+ 26. Kc1 Be3+ 27. Kb1 Nd2+ 28. Nxd2 Bxd2 29. Ne2 f5 30. Nd4 Bxe4 31. Bxe4 fxe4 32. Nxe6 e3 33. Nd4 Rfe8 34. Ne2 Kf7 35. c3 Kf6 36. Kc2 Kf5 37. h3 Ke4 38. Rf1 a5 39. f5 Ke5 40. g4 Rf8 41. Kd3 g6 42. Nd4 Rce8 43. Nf3+ Kd5 44. Nd4 gxf5 45. gxf5 Rg8 46. f6 Rg3 47. Rf5+ Re5 48. f7 e2+ 49. Kc2 e1=Q 50. Rxe5+ Qxe5 51. f8=Q Qe4+ 52. Kb3 a4+ 53. Ka2 Bxc3 54. Qa8+ Kxd4 55. Qa7+ Kd3 56. Qc7 Qd5+ 57. Qc4+ Qxc4+ 58. b3 Qxb3# 0-1

[Event "GER-ch Youth U10 2020"]
[Site "Willingen"]
[Date "2020.10.28"]
[Round "2.25"]
[White "Marcziter, Alex"]
[Black "Peters, Lasse"]
[Result "1-0"]
[ECO "C58"]
[WhiteElo "1401"]
[BlackElo "1223"]
[Annotator "NA RC"]
[PlyCount "111"]
[EventDate "2020.10.27"]
[EventType "swiss"]
[EventRounds "7"]
[EventCountry "GER"]
[SourceTitle "playchess.com"]
[Source "ChessBase"]
[SourceQuality "1"]
[TimeControl "40/4500+30:900+30"]

1. e4 e5 2. Nf3 Nc6 3. Bc4 Nf6 4. Ng5 d5 5. exd5 Na5 6. Bb5+ c6 7. dxc6 bxc6 8. Be2 Nd5 9. Ne4 Bf5 10. d3 Bxe4 11. dxe4 Nf6 12. Qxd8+ Rxd8 13. Bd3 Be7 14. Be3 c5 15. b3 O-O 16. Nd2 Rd7 17. f3 Rc8 18. Nc4 Nxc4 19. Bxc4 Rdd8 20. Ke2 Nd7 21. Rhd1 Nb6 22. Bb5 Ra8 23. Ba6 f6 24. Rd2 Rxd2+ 25. Kxd2 Rd8+ 26. Ke2 Kf7 27. Rd1 Bd6 28. Bxc5 Ke6 29. Rxd6+ Rxd6 30. Bxd6 Kxd6 31. Kd3 Kc5 32. c3 Nd7 33. a4 Kb6 34. Bb5 Nc5+ 35. Kc4 a6 36. Be8 g5 37. a5+ Kc7 38. Kxc5 Kd8 39. Bc6 Ke7 40. b4 Ke6 41. Bd5+ Ke7 42. Kb6 h5 43. Kxa6 g4 44. b5 gxf3 45. gxf3 Kf8 46. b6 Kg7 47. b7 Kg6 48. b8=Q Kg5 49. Qg8+ Kf4 50. Qg3+ Ke3 51. f4+ Kd2 52. Bc4 exf4 53. Qd3+ Kc1 54. Bb3 Kb2 55. Qc2+ Ka3 56. Qa2# 1-0

[Event "GER-ch Youth U10 2020"]
[Site "Willingen"]
[Date "2020.10.28"]
[Round "2.27"]
[White "Ehrath, Hendrik"]
[Black "Gulamzada, Elmir"]
[Result "1-0"]
[ECO "C01"]
[WhiteElo "1193"]
[BlackElo "1397"]
[Annotator "NA RC"]
[PlyCount "85"]
[EventDate "2020.10.27"]
[EventType "swiss"]
[EventRounds "7"]
[EventCountry "GER"]
[SourceTitle "playchess.com"]
[Source "ChessBase"]
[SourceQuality "1"]
[TimeControl "40/4500+30:900+30"]

1. e4 e6 2. d4 d5 3. exd5 exd5 4. Bd3 Nc6 5. Nf3 Bg4 6. h3 Bxf3 7. Qxf3 Nxd4 8. Qe3+ Qe7 9. Qxe7+ Bxe7 10. Be3 Nc6 11. O-O Nf6 12. Bb5 O-O 13. Bg5 Nd4 14. Bd3 h6 15. Bh4 Rfe8 16. c3 Nc6 17. Re1 Bc5 18. Nd2 Rxe1+ 19. Rxe1 Re8 20. Rxe8+ Nxe8 21. a4 Nf6 22. Bxf6 gxf6 23. b4 Ne5 24. Bf5 Bd6 25. Bc8 b6 26. Bb7 c6 27. Nf3 Nxf3+ 28. gxf3 Be5 29. Bxc6 Bxc3 30. Bxd5 Bxb4 31. Kf1 Bc5 32. f4 f5 33. Ke2 Bd6 34. Ke3 Kg7 35. h4 Kg6 36. Kf3 f6 37. Kg3 a6 38. Bc4 a5 39. Bd3 Bc5 40. f3 Bb4 41. Bb5 Be1+ 42. Kh3 Kh5 43. Be8# 1-0

[Event "GER-ch Youth U10 2020"]
[Site "Willingen"]
[Date "2020.10.28"]
[Round "2.28"]
[White "Laux, Filip"]
[Black "Kutz, Paul Matti"]
[Result "1-0"]
[ECO "C77"]
[WhiteElo "1198"]
[BlackElo "1242"]
[Annotator "NA RC"]
[PlyCount "119"]
[EventDate "2020.10.27"]
[EventType "swiss"]
[EventRounds "7"]
[EventCountry "GER"]
[SourceTitle "playchess.com"]
[Source "ChessBase"]
[SourceQuality "1"]
[TimeControl "40/4500+30:900+30"]

1. e4 e5 2. Nf3 Nf6 3. Nc3 Nc6 4. Bb5 a6 5. Ba4 b5 6. Bb3 b4 7. Nd5 Nxe4 8. Qe2 Nc5 9. Nxe5 Nd4 10. Nc6+ Nxe2 11. Nxd8 Nxc1 12. Nxc7+ Kxd8 13. Nxa8 N5xb3 14. axb3 Bb7 15. Nb6 Bc5 16. Nc4 Bxg2 17. Rg1 Re8+ 18. Ne3 Bd4 19. Rxc1 Be4 20. c3 bxc3 21. bxc3 Be5 22. h3 f5 23. d4 Bh2 24. Rxg7 f4 25. Nc4 Bg2+ 26. Ne5 Bf3 27. Rxd7+ Kc8 28. Rxh7 Be4 29. Rh5 Bg6 30. Rg5 Be4 31. Kd2 f3 32. Re1 Bf4+ 33. Kd1 Bxg5 34. Rxe4 Rh8 35. Nxf3 Bf6 36. h4 Kd7 37. Kd2 a5 38. Kd3 Kd6 39. Kc4 Rb8 40. Ng5 Bd8 41. Nf7+ Kd7 42. Nxd8 Rc8+ 43. Kd3 Kxd8 44. Re5 Rb8 45. Kc4 Rc8+ 46. Rc5 Rb8 47. Rxa5 Rc8+ 48. Rc5 Rb8 49. b4 Rb7 50. h5 Rh7 51. b5 Rf7 52. h6 Rxf2 53. h7 Rh2 54. Rc6 Rxh7 55. Kc5 Rh6 56. Rxh6 Kc7 57. b6+ Kb7 58. Rh7+ Kb8 59. Kc6 Kc8 60. Rh8# 1-0

[Event "GER-ch Youth U10 2020"]
[Site "Willingen"]
[Date "2020.10.28"]
[Round "3.1"]
[White "Xue, Luka"]
[Black "Besou, Hussain"]
[Result "1/2-1/2"]
[ECO "A49"]
[WhiteElo "1473"]
[BlackElo "1825"]
[Annotator "NA"]
[PlyCount "62"]
[EventDate "2020.10.27"]
[EventType "swiss"]
[EventRounds "7"]
[EventCountry "GER"]
[SourceTitle "playchess.com"]
[Source "ChessBase"]
[SourceQuality "1"]
[TimeControl "40/4500+30:900+30"]

1. d4 Nf6 2. Nf3 g6 3. g3 b6 4. Bg2 Bb7 5. O-O Bg7 6. c4 O-O 7. Nc3 Ne4 8. Qc2 Nxc3 9. bxc3 d6 10. e4 e5 11. d5 Nd7 12. Bg5 Qe8 13. Bh3 Nc5 14. Nd2 h6 15. Be3 Qa4 16. Rfc1 Qxc2 17. Rxc2 Na6 18. a4 Bc8 19. Bxc8 Rfxc8 20. a5 Nc5 21. Rca2 a6 (21... Rab8 $11) 22. axb6 cxb6 23. Bxc5 $1 bxc5 24. Rxa6 Rxa6 25. Rxa6 Bf8 26. Kf1 Rb8 27. Ke2 Kg7 28. f4 exf4 29. gxf4 g5 30. Ke3 f6 (30... Be7 $16) 31. Ra7+ Kg8 $18 1/2-1/2

[Event "GER-ch Youth U10 2020"]
[Site "Willingen"]
[Date "2020.10.28"]
[Round "3.2"]
[White "Burkart, Lloyd Shang"]
[Black "Goldmann, David"]
[Result "1/2-1/2"]
[ECO "A40"]
[WhiteElo "1508"]
[BlackElo "1644"]
[Annotator "NA"]
[PlyCount "69"]
[EventDate "2020.10.27"]
[EventType "swiss"]
[EventRounds "7"]
[EventCountry "GER"]
[SourceTitle "playchess.com"]
[Source "ChessBase"]
[SourceQuality "1"]
[TimeControl "40/4500+30:900+30"]

1. d4 Nf6 2. c4 e6 3. g3 d5 4. Nf3 c5 5. cxd5 exd5 6. Bg2 Nc6 7. O-O Be6 8. b3 Be7 9. dxc5 Bxc5 10. Nc3 O-O 11. Bb2 a6 12. Rc1 Qe7 13. Qc2 Ba7 14. Rfd1 Rfd8 15. Na4 Rac8 16. Qb1 Bg4 17. e3 b5 18. Nc3 Bb6 19. h3 Bh5 20. Ne2 Bg6 21. Qa1 Re8 22. Nf4 Be4 23. Bxf6 gxf6 24. Nxd5 Bxd5 25. Rxd5 Nb4 26. Rxc8 Rxc8 27. Rf5 Rc6 28. Nd2 Qd7 29. Bxc6 Qxf5 30. Be4 Qg5 31. Nf1 Kg7 32. Qb2 h6 33. Qd2 a5 34. Bb7 Qc5 35. Qd1 1/2-1/2

[Event "GER-ch Youth U10 2020"]
[Site "Willingen"]
[Date "2020.10.28"]
[Round "3.3"]
[White "Neuhoff, Laertes"]
[Black "Bangert, Jonas"]
[Result "1/2-1/2"]
[ECO "B14"]
[WhiteElo "1655"]
[BlackElo "1549"]
[Annotator "NA"]
[PlyCount "131"]
[EventDate "2020.10.27"]
[EventType "swiss"]
[EventRounds "7"]
[EventCountry "GER"]
[SourceTitle "playchess.com"]
[Source "ChessBase"]
[SourceQuality "1"]
[TimeControl "40/4500+30:900+30"]

1. e4 c6 2. d4 d5 3. exd5 cxd5 4. c4 e6 5. Nc3 Nf6 6. Nf3 b6 7. cxd5 Nxd5 8. Bb5+ Bd7 9. Bxd7+ Nxd7 10. Nxd5 exd5 11. O-O Be7 12. Bf4 O-O 13. Rc1 Nf6 14. Bc7 Qd7 15. Ne5 Qb5 16. Nc6 Rfe8 17. Re1 Bf8 18. Qc2 Qa6 19. Qb3 Rxe1+ 20. Rxe1 Qb7 21. Ne7+ Bxe7 22. Rxe7 Qc6 23. Bf4 Rc8 24. h3 a6 25. Re3 b5 26. Rc3 Qb7 27. Rxc8+ Qxc8 28. Be5 Qc4 29. Qxc4 bxc4 30. Bxf6 gxf6 31. Kf1 Kf8 32. Ke2 Ke7 33. Kd2 Kd6 34. Kc3 Kc6 35. Kb4 Kb6 36. b3 a5+ 37. Kc3 cxb3 38. axb3 Kc6 39. f4 Kb5 40. g3 Kc6 41. Kb2 Kb6 42. g4 Kc6 43. Ka3 Kb5 44. f5 Kb6 45. Ka4 Ka6 46. h4 Kb6 47. b4 axb4 48. Kxb4 Kc6 49. Ka5 h6 50. h5 Kd6 51. Kb6 Kd7 52. Kc5 Kc7 53. Kxd5 Kd7 54. Kc5 Kc7 55. d5 Kd7 56. Kb6 Kd6 57. Kb7 Kd7 58. Kb8 Kd8 59. d6 Kd7 60. Kb7 Kxd6 61. Kc8 Ke7 62. Kc7 Ke8 63. Kd6 Kd8 64. Kc6 Ke7 65. Kc7 Ke8 66. Kd6 1/2-1/2

[Event "GER-ch Youth U10 2020"]
[Site "Willingen"]
[Date "2020.10.28"]
[Round "3.4"]
[White "Zhang, Yibo"]
[Black "Dordevic, Tom"]
[Result "1/2-1/2"]
[ECO "B43"]
[WhiteElo "1299"]
[BlackElo "1535"]
[Annotator "NA"]
[PlyCount "57"]
[EventDate "2020.10.27"]
[EventType "swiss"]
[EventRounds "7"]
[EventCountry "GER"]
[SourceTitle "playchess.com"]
[Source "ChessBase"]
[SourceQuality "1"]
[TimeControl "40/4500+30:900+30"]

1. e4 c5 2. Nf3 e6 3. d4 cxd4 4. Nxd4 a6 5. Nc3 Qc7 6. Bd3 Nf6 7. O-O b5 8. Kh1 Bb7 9. Qe2 d6 10. f4 Nbd7 11. Bd2 Nc5 12. e5 dxe5 13. fxe5 Nd5 14. a4 Nxd3 15. cxd3 Nxc3 16. Bxc3 b4 17. Bd2 Be7 18. Rac1 Qd7 19. Nb3 Qxa4 20. Rc7 Rc8 21. Rxb7 Qxb3 22. Qf2 Rf8 23. Qd4 Qd5 24. Qxd5 exd5 25. Rxe7+ Kxe7 26. Bxb4+ Ke6 27. Bxf8 Rxf8 28. d4 Rb8 29. Rf2 1/2-1/2

[Event "GER-ch Youth U10 2020"]
[Site "Willingen"]
[Date "2020.10.28"]
[Round "3.5"]
[White "Herrmann, Jakob"]
[Black "Mandalka, Justus"]
[Result "1-0"]
[ECO "B23"]
[WhiteElo "1504"]
[BlackElo "1437"]
[Annotator "NA"]
[PlyCount "23"]
[EventDate "2020.10.27"]
[EventType "swiss"]
[EventRounds "7"]
[EventCountry "GER"]
[SourceTitle "playchess.com"]
[Source "ChessBase"]
[SourceQuality "1"]
[TimeControl "40/4500+30:900+30"]

1. e4 c5 2. Nc3 Nc6 3. Nge2 g6 4. d3 Bg7 5. Be3 d6 6. Qd2 e6 7. d4 cxd4 8. Nxd4 Nge7 9. Ndb5 d5 10. exd5 Nxd5 11. Nxd5 Qxd5 12. Nc7+ 1-0

[Event "GER-ch Youth U10 2020"]
[Site "Willingen"]
[Date "2020.10.28"]
[Round "3.6"]
[White "Krstovic, Marko"]
[Black "Buchinger, Alexis"]
[Result "0-1"]
[ECO "D31"]
[WhiteElo "1443"]
[BlackElo "1496"]
[Annotator "NA"]
[PlyCount "114"]
[EventDate "2020.10.27"]
[EventType "swiss"]
[EventRounds "7"]
[EventCountry "GER"]
[SourceTitle "playchess.com"]
[Source "ChessBase"]
[SourceQuality "1"]
[TimeControl "40/4500+30:900+30"]

1. d4 d5 2. c4 e6 3. Nc3 c6 4. Nf3 dxc4 5. e4 b5 6. a4 Bb4 7. axb5 cxb5 8. Bg5 Ne7 9. e5 Bb7 10. Be2 O-O 11. O-O a6 12. Qc2 h6 13. Bh4 Qc7 14. Rfd1 Bxc3 15. Qxc3 Nf5 16. Bg3 Rc8 17. Nh4 Nxg3 18. Qxg3 Nd7 19. Bf3 Bxf3 20. Nxf3 Nb6 21. Nd2 c3 22. bxc3 Qxc3 23. Ne4 Qxg3 24. fxg3 Nc4 25. Nc5 a5 26. Kf2 Kf8 27. Ke2 Nxe5 28. Nxe6+ fxe6 29. dxe5 Ke7 30. Ke3 Rc2 31. Kf3 a4 32. Rdb1 Rc3+ 33. Ke4 Rb8 34. Rxa4 Kd7 35. Ra7+ Kc6 36. Ra6+ Rb6 37. Ra8 Rc4+ 38. Kd3 Ra4 39. Rc8+ Kd5 40. Re1 Ra3+ 41. Kd2 Ra2+ 42. Rc2 Rxc2+ 43. Kxc2 b4 44. Kb3 Kd4 45. Re2 Rb5 46. Ka4 Rxe5 47. Rd2+ Kc3 48. Rf2 Rd5 49. Rf7 Rd4 50. Rb7 e5 51. Rxg7 e4 52. Re7 Kd2 53. g4 e3 54. h4 e2 55. g5 hxg5 56. hxg5 e1=Q 57. Rxe1 Kxe1 0-1

[Event "GER-ch Youth U10 2020"]
[Site "Willingen"]
[Date "2020.10.28"]
[Round "3.8"]
[White "Stichter, Constantin"]
[Black "Nönnig, Jakob"]
[Result "0-1"]
[ECO "C44"]
[WhiteElo "1476"]
[BlackElo "1442"]
[Annotator "NA"]
[PlyCount "146"]
[EventDate "2020.10.27"]
[EventType "swiss"]
[EventRounds "7"]
[EventCountry "GER"]
[SourceTitle "playchess.com"]
[Source "ChessBase"]
[SourceQuality "1"]
[TimeControl "40/4500+30:900+30"]

1. e4 e5 2. Nf3 Nc6 3. d4 exd4 4. Nxd4 Bb4+ 5. c3 Bc5 6. Be3 Bb6 7. Bc4 Nge7 8. O-O O-O 9. f4 d5 10. Bd3 dxe4 11. Bxe4 Re8 12. Qd3 h6 13. Rf3 Nd5 14. Nxc6 bxc6 15. Bxb6 cxb6 16. c4 Ne7 17. Qxd8 Rxd8 18. Nc3 Be6 19. b3 f5 20. Bd3 Rd7 21. Bc2 Kf7 22. Re1 Rad8 23. Rfe3 Rd6 24. Na4 R8d7 25. c5 Rd2 26. Bb1 Bd5 27. R3e2 Rxe2 28. Rxe2 Bxb3 29. Nb2 Bd5 30. Nd3 Kf6 31. Kf2 g5 32. g3 Rd8 33. h3 Bc4 34. Rd2 Bxd3 35. Rxd3 Rxd3 36. Bxd3 bxc5 37. fxg5+ hxg5 38. h4 gxh4 39. gxh4 Kg6 40. Kg3 a5 41. Kf4 Kf6 42. a4 Nd5+ 43. Kf3 Kg6 44. Kg3 Kf6 45. Kf3 Ne7 46. Kf4 Ng6+ 47. Kg3 Ne5 48. Bc2 Ng6 49. h5 Ne7 50. Kf4 Nd5+ 51. Kf3 Kg5 52. h6 Kxh6 53. Bxf5 Kg5 54. Bd7 Ne7 55. Ke4 Kf6 56. Be8 Ke6 57. Kd3 Kd6 58. Kc4 Nd5 59. Bg6 Nb6+ 60. Kb3 c4+ 61. Ka3 Kc5 62. Bc2 Nd5 63. Be4 Kd4 64. Bf3 c5 65. Kb2 c3+ 66. Kc2 Nb4+ 67. Kc1 Nd3+ 68. Kd1 c2+ 69. Kxc2 Ne1+ 70. Kb3 Nxf3 71. Ka3 Kc3 72. Ka2 c4 73. Kb1 Kd2 0-1